 Dungeon Crawl Stone Soup version 0.28.0-53-g5a82cb258f (webtiles) character file.

Game seed: 12779273324246282013

9345 DocClef the Thaumaturge (level 11, -8/72 HPs)
             Began as a Gnoll Fire Elementalist on July 20, 2022.
             Was an Elder of Hepliaklqana.
             Mangled by a culicivora (21 damage)
             ... on level 2 of the Lair of Beasts on July 21, 2022.
             The game lasted 00:24:15 (13852 turns).

DocClef the Thaumaturge (Gnoll Fire Elementalist)  Turns: 13852, Time: 00:24:15

Health: -8/72      AC:  6    Str:  7    XL:     11   Next: 45%
Magic:  10/23      EV: 15    Int: 19    God:    Hepliaklqana [****..]
Gold:   202        SH:  0    Dex: 13    Spells: 18/26 levels left

rFire   + . .      SeeInvis .   i - staff of fire
rCold   . . .      Faith    .   (no shield)
rNeg    . . .      Spirit   .   a - +0 robe
rPois   .          Reflect  .   r - +0 helmet
rElec   .          Harm     .   (no cloak)
rCorr   .          Rampage  .   w - +0 pair of gloves
Will    .....                   v - +0 pair of boots
Stlth   ++++......              (no amulet)
HPRegen 0.22/turn               (no ring)
MPRegen 0.18/turn               (no ring)

@: no status effects
A: reduced essence, fangs 1, strong nose, distributed training
a: Renounce Religion, Recall Ancestor, Ancestor Identity, Transference, Idealise


You were on level 2 of the Lair of Beasts.
You worshipped Hepliaklqana.
Hepliaklqana was greatly pleased with you.
You visited 3 branches of the dungeon, and saw 11 of its levels.

You collected 568 gold pieces.
You spent 366 gold pieces at shops.

Inventory:

Hand Weapons
 c - a +4 flail of protection
 s - a +0 glaive
Missiles
 n - 2 javelins
 G - 2 throwing nets
Armour
 a - a +0 robe (worn)
 r - a +0 helmet (worn)
 v - a +0 pair of boots (worn)
 w - a +0 pair of gloves (worn)
Magical Staves
 i - a staff of fire (weapon)
Jewellery
 x - a +6 ring of dexterity
 y - a +6 ring of intelligence
Wands
 p - a wand of iceblast (7)
 u - a wand of digging (1)
 F - a wand of polymorph (9)
Scrolls
 f - 10 scrolls of identify
 g - a scroll of magic mapping {unknown}
 h - 3 scrolls of noise {unknown}
 k - 3 scrolls of enchant weapon {unknown}
 l - 2 scrolls of teleportation {unknown}
 m - 2 scrolls of torment {unknown}
 q - 3 scrolls of fog
 B - a scroll of silence
 C - a scroll of summoning
Potions
 b - 2 potions of mutation {unknown}
 j - 2 potions of degeneration {unknown}
 o - 2 potions of haste {unknown}
 t - 4 potions of curing
 z - 2 potions of lignification {unknown}
 A - 2 potions of brilliance {unknown}
 D - 2 potions of attraction {unknown}
 E - a potion of flight


   Skills:
 + Level 6.3 Fighting
 + Level 6.3 Short Blades
 + Level 6.3 Long Blades
 + Level 6.3 Axes
 + Level 6.3 Maces & Flails
 + Level 6.3 Polearms
 + Level 6.3 Staves
 + Level 6.3 Slings
 + Level 6.3 Bows
 + Level 6.3 Crossbows
 + Level 6.3 Throwing
 + Level 6.3 Armour
 + Level 7.9 Dodging
 + Level 7.6 Stealth
 + Level 6.3 Shields
 + Level 6.3 Unarmed Combat
 + Level 8.1 Spellcasting
 + Level 5.7 Conjurations
 + Level 5.2 Hexes
 + Level 5.2 Summonings
 + Level 5.2 Necromancy
 + Level 5.2 Translocations
 + Level 5.2 Transmutations
 + Level 7.6 Fire Magic
 + Level 5.2 Ice Magic
 + Level 5.2 Air Magic
 + Level 5.2 Earth Magic
 + Level 5.2 Poison Magic
 + Level 6.9 Invocations
 + Level 6.3 Evocations


You had 18 spell levels left.
You knew the following spells:

 Your Spells              Type           Power      Damage    Failure   Level
a - Foxfire               Conj/Fire      100%       2x1d9     1%          1
b - Scorch                Fire           100%       2d10      1%          2
c - Blink                 Tloc           54%        N/A       1%          2
d - Inner Flame           Hex/Fire       48%        N/A       1%          3

Your spell library contained the following spells:

 Spells                   Type           Power      Damage    Failure   Level
 Pain                     Necr           100%       1d9       1%          1
 Conjure Flame            Conj/Fire      49%        6-21      1%          3
 Frozen Ramparts          Ice            54%        1d7       3%          3
 Lesser Beckoning         Tloc           27%        N/A       3%          3
 Tukima's Dance           Hex            27%        N/A       3%          3
 Flame Wave               Conj/Fire      49%        2d10      6%          4
 Anguish                  Hex/Necr       13%        N/A       11%         4
 Cause Fear               Hex            13%        N/A       11%         4
 Ice Form                 Ice/Tmut       27%        N/A       11%         4
 Summon Ice Beast         Ice/Summ       27%        N/A       11%         4
 Agony                    Necr           27%        N/A       28%         5
 Excruciating Wounds      Necr           13%        N/A       28%         5
 Manifold Assault         Tloc           27%        N/A       28%         5
 Enfeeble                 Hex            13%        N/A       100%        7
 Discord                  Hex            13%        N/A       100%        8


Dungeon Overview and Level Annotations

Branches:
Dungeon (8/15)             Temple (1/1) D:4            Lair (2/6) D:8
 Spider (0/4) Lair:2
  Swamp: Lair:2-4    Shoals: Lair:2-4

Altars:
Ashenzari
Cheibriados
Dithmenos
Elyvilon
Fedhas
Gozag
Hepliaklqana
Kikubaaqudgha
Makhleb
Nemelex Xobeh
Okawaru
Qazlal
Ru
Sif Muna
Trog
Uskayaw
Vehumet
Wu Jian
Xom
Yredelemnul
Zin
The Shining One

Shops:
D:4 *   D:5 =   D:7 ?![


Innate Abilities, Weirdness & Mutations

Your life essence is reduced to manifest your ancestor. (-10% HP)
You have very sharp teeth.
Your uncanny sense of smell can sniff out nearby items.
Your experience applies equally to all skills.


Message History

The culicivora bites you!
The culicivora draws strength from your injuries!
The culicivora misses you.
Casting: Foxfire (safe; 1% risk of failure)
Confirm with . or Enter, or press ? or * to list all spells.
You don't know that spell.
Casting: Foxfire (safe; 1% risk of failure)
Confirm with . or Enter, or press ? or * to list all spells.
You blink.
You are caught in the web!
The culicivora is no longer more vulnerable to fire.
You disentangle yourself.
You are caught in the web!
You feel stable enough to blink again.
There is a web here.
You disentangle yourself.
The culicivora bites you but does no damage.
You pick your way through the web.
There is a web here.
The culicivora bites you!
* * * LOW HITPOINT WARNING * * *
The culicivora draws strength from your injuries!
Casting: Blink (safe; 1% risk of failure)
Confirm with . or Enter, or press ? or * to list all spells.
You blink.
The culicivora's wounds heal themselves!
As you read the scroll of summoning, it crumbles to dust.
Wisps of shadow whirl around you...
You feel stable enough to blink again. Something bites your bullfrog!
Something bites your bullfrog!!
Your bullfrog dies!
Your bullfrog's corpse dissolves into shadows!
As you read the scroll labelled FIPONA FAUSH, it crumbles to dust.
You assume a fearsome visage.
Nothing appears to happen.
It was a scroll of fear.
Your komodo dragon closely misses the culicivora.
As you read the scroll labelled DAYJULL QEARA, it crumbles to dust.
You speak a Word of immense power!
It was a scroll of holy word.
The culicivora's inner flame fades away.
The culicivora bites you!!
You die...

..............#...
.............###..
#...........## #..
#.......... #..
..≈....... ##.
#≈≈≈##.. ##
##...#### #
####s.s.s## #
#@#.#...#^##
##s###.#.#^##
##l###.###.#
###.###^## ##
#.#^#s##
#.###s#s#.#
#§#...#.## ####
#.....######..#
####...####......


You could see a culicivora (ally target) and a friendly komodo dragon
(summoned).

Vanquished Creatures
  A hydra (Lair:1)
  Joseph (D:7)
  A black mamba (Lair:1)
  A cane toad (Lair:1)
  A komodo dragon (D:8)
  3 jumping spiders (Lair:2)
  A wyvern (D:8)
  5 yaks
  A redback (Lair:2)
  6 water moccasins
  2 orc warriors (D:5)
  4 black bears
  A sky beast (D:6)
  A necrophage (D:8)
  4 wolves (Lair:1)
  A centaur (D:8)
  2 phantoms (D:4)
  2 bullfrogs
  A scorpion (D:5)
  2 water moccasin skeletons
  2 wyvern skeletons (D:6)
  5 wights (D:6)
  A bullfrog skeleton (D:5)
  A hound (D:5)
  A jelly (D:7)
  5 orc priests
  A gnoll shaman (D:8)
  5 iguanas
  5 orc wizards
  2 hell rats (Lair:2)
  A hound skeleton (D:5)
  A howler monkey zombie (D:8)
  4 adders
  4 gnolls
  A white imp (D:3)
  An ufetubus (D:5)
  An adder skeleton (D:3)
  A worm (D:2)
  A dart slug (D:4)
  31 orcs
  5 bats
  11 endoplasms
  5 giant cockroaches
  6 goblins
  7 hobgoblins
  2 quokkas
  9 ball pythons
  2 frilled lizards (D:1)
  2 goblin skeletons (D:6)
  A goblin zombie (D:6)
  2 hobgoblin zombies (D:6)
  5 kobolds
  A kobold zombie (D:6)
  An orc skeleton (D:6)
  An orc zombie (D:6)
  6 rats
181 creatures vanquished.

Vanquished Creatures (collateral kills)
  A cane toad (Lair:2)
  A komodo dragon (Lair:1)
  A jumping spider (Lair:2)
  A culicivora (Lair:2)
  A basilisk (Lair:1)
  5 yaks
  A redback (Lair:2)
  An orc warrior (D:8)
  A black bear (D:8)
  2 wolves (Lair:1)
  2 bullfrogs
  A scorpion (Lair:2)
  A crimson imp (D:6)
  A centaur zombie (D:8)
  A bullfrog zombie (D:7)
  An orc priest (D:7)
  A bullfrog skeleton (D:6)
  A jelly (D:5)
  A gnoll shaman (D:7)
  A centaur skeleton (D:7)
  5 hell rats (Lair:2)
  An orc wizard (D:8)
  4 gnolls
  6 orcs
  2 goblin zombies (D:6)
  A hobgoblin zombie (D:6)
  5 foxfires
50 creatures vanquished.

Vanquished Creatures (others)
  A human (D:5)
  2 battlemagi
  2 ancestors
  954 foxfires
  5 fungi (Lair:2)
  17 plants
981 creatures vanquished.

Grand Total: 1212 creatures vanquished

Notes
Turn   | Place    | Note
-------+----------+-------------------------------------------
     0 | D:1      | DocClef the Gnoll Fire Elementalist began the quest for the
                  | Orb.
     0 | D:1      | Reached XP level 1. HP: 13/13 MP: 6/6
   443 | D:1      | Reached XP level 2. HP: 19/19 MP: 7/7
   501 | D:1      | Learned a level 2 spell: Scorch
   525 | D:1      | Found a faded altar of an unknown god.
  1740 | D:2      | Reached XP level 3. HP: 25/25 MP: 5/9
  1891 | D:2      | Reached skill level 5 in Spellcasting
  2178 | D:2      | Found a basalt altar of Yredelemnul.
  2377 | D:3      | Found an ornate altar of the Wu Jian Council.
  2568 | D:3      | Reached skill level 1 in Invocations
  2753 | D:3      | Reached skill level 1 in Fighting
  2753 | D:3      | Reached skill level 1 in Short Blades
  2753 | D:3      | Reached skill level 1 in Long Blades
  2753 | D:3      | Reached skill level 1 in Axes
  2753 | D:3      | Reached skill level 1 in Maces & Flails
  2753 | D:3      | Reached skill level 1 in Polearms
  2753 | D:3      | Reached skill level 1 in Staves
  2753 | D:3      | Reached skill level 1 in Slings
  2753 | D:3      | Reached skill level 1 in Bows
  2753 | D:3      | Reached skill level 1 in Crossbows
  2753 | D:3      | Reached skill level 1 in Throwing
  2753 | D:3      | Reached skill level 1 in Armour
  2753 | D:3      | Reached skill level 1 in Shields
  2753 | D:3      | Reached skill level 1 in Unarmed Combat
  2753 | D:3      | Reached skill level 1 in Evocations
  3097 | D:3      | Reached XP level 4. HP: 32/32 MP: 8/11
  3100 | D:3      | Learned a level 2 spell: Blink
  3365 | D:3      | Reached skill level 1 in Hexes
  3365 | D:3      | Reached skill level 1 in Summonings
  3365 | D:3      | Reached skill level 1 in Necromancy
  3365 | D:3      | Reached skill level 1 in Translocations
  3365 | D:3      | Reached skill level 1 in Transmutations
  3365 | D:3      | Reached skill level 1 in Ice Magic
  3365 | D:3      | Reached skill level 1 in Air Magic
  3365 | D:3      | Reached skill level 1 in Earth Magic
  3365 | D:3      | Reached skill level 1 in Poison Magic
  3365 | D:3      | Reached XP level 5. HP: 26/37 MP: 7/12
  3533 | D:3      | Found a faded altar of an unknown god.
  3533 | D:3      | Found a basalt altar of Yredelemnul.
  3541 | D:3      | Found a broken altar of Ashenzari.
  3543 | D:3      | Found a sparkling altar of Nemelex Xobeh.
  3545 | D:3      | Found a sacrificial altar of Ru.
  3876 | D:4      | Found Motosch's Assorted Antiques.
  3905 | D:4      | Noticed a phantom
  3912 | D:4      | Killed a phantom
  4040 | D:4      | Found a burning altar of Makhleb.
  4095 | D:5      | Entered Level 5 of the Dungeon
  4114 | D:5      | Noticed an orc warrior
  4208 | D:4      | Found a glowing silver altar of Zin.
  4347 | D:4      | Noticed a phantom
  4356 | D:4      | Killed a phantom
  4357 | D:4      | Reached skill level 5 in Dodging
  4357 | D:4      | Reached XP level 6. HP: 43/44 MP: 7/14
  4362 | D:4      | Learned a level 3 spell: Inner Flame
  4520 | D:4      | Found a staircase to the Ecumenical Temple.
  4549 | Temple   | Entered the Ecumenical Temple
  4582 | Temple   | Became a worshipper of Hepliaklqana the Forgotten
  4713 | D:4      | Found a bloodstained altar of Trog.
  5113 | D:5      | Found an ancient bone altar of Kikubaaqudgha.
  5114 | D:5      | Noticed a human
  5116 | D:5      | Killed a human
  5122 | D:5      | Found a blossoming altar of Fedhas.
  5243 | D:6      | Found a glowing golden altar of the Shining One.
  5507 | D:7      | Noticed Joseph
  5855 | D:5      | Reached XP level 7. HP: 19/50 MP: 9/15
  6288 | D:5      | Found Podyitul's Jewellery Emporium.
  6338 | D:5      | Reached skill level 5 in Stealth
  6747 | D:5      | Found a hide-covered altar of Uskayaw.
  6950 | D:6      | Reached * piety under Hepliaklqana
  7247 | D:6      | Reached XP level 8. HP: 51/51 MP: 8/16
  7647 | D:5      | Reached skill level 6 in Spellcasting
  7685 | D:4      | Found an opulent altar of Gozag.
  8737 | D:6      | Reached XP level 9. HP: 58/58 MP: 12/18
  9300 | D:7      | Found Iptimow's Armour Boutique.
  9423 | D:7      | Killed Joseph
  9462 | D:7      | Reached ** piety under Hepliaklqana
  9468 | D:7      | Remembered your ancestor Xiuhtonal as a battlemage
  9811 | D:7      | Found Oqupn's Magic Scroll Boutique.
  9818 | D:7      | Bought a scroll of fog for 28 gold pieces
  9818 | D:7      | Bought a scroll of identify for 28 gold pieces
  9818 | D:7      | Bought a scroll of silence for 105 gold pieces
  9818 | D:7      | Bought a scroll of summoning for 133 gold pieces
 10153 | D:7      | Found Anguul's Distillery.
 10156 | D:7      | Bought a potion of curing for 36 gold pieces
 10156 | D:7      | Bought a potion of flight for 36 gold pieces
 10870 | D:8      | Reached skill level 5 in Invocations
 10874 | D:8      | Reached skill level 7 in Spellcasting
 10877 | D:8      | Reached XP level 10. HP: 65/65 MP: 2/20
 11029 | D:8      | Reached skill level 5 in Fighting
 11029 | D:8      | Reached skill level 5 in Short Blades
 11029 | D:8      | Reached skill level 5 in Long Blades
 11029 | D:8      | Reached skill level 5 in Axes
 11029 | D:8      | Reached skill level 5 in Maces & Flails
 11029 | D:8      | Reached skill level 5 in Polearms
 11029 | D:8      | Reached skill level 5 in Staves
 11029 | D:8      | Reached skill level 5 in Slings
 11029 | D:8      | Reached skill level 5 in Bows
 11029 | D:8      | Reached skill level 5 in Crossbows
 11029 | D:8      | Reached skill level 5 in Throwing
 11029 | D:8      | Reached skill level 5 in Armour
 11029 | D:8      | Reached skill level 5 in Shields
 11029 | D:8      | Reached skill level 5 in Unarmed Combat
 11029 | D:8      | Reached skill level 5 in Evocations
 11733 | D:8      | Found a staircase to the Lair.
 11966 | Lair:1   | Entered Level 1 of the Lair of Beasts
 11968 | Lair:1   | Reached *** piety under Hepliaklqana
 11978 | Lair:1   | Reached skill level 5 in Conjurations
 11978 | Lair:1   | Noticed a black mamba
 11988 | Lair:1   | Killed a black mamba
 12475 | Lair:1   | Noticed an eight-headed hydra
 12482 | Lair:1   | Killed an eight-headed hydra
 12483 | Lair:1   | Reached XP level 11. HP: 55/72 MP: 13/22
 12784 | Lair:1   | Reached skill level 5 in Hexes
 12784 | Lair:1   | Reached skill level 5 in Summonings
 12784 | Lair:1   | Reached skill level 5 in Necromancy
 12784 | Lair:1   | Reached skill level 5 in Translocations
 12784 | Lair:1   | Reached skill level 5 in Transmutations
 12784 | Lair:1   | Reached skill level 5 in Ice Magic
 12784 | Lair:1   | Reached skill level 5 in Air Magic
 12784 | Lair:1   | Reached skill level 5 in Earth Magic
 12784 | Lair:1   | Reached skill level 5 in Poison Magic
 13049 | Lair:1   | Reached **** piety under Hepliaklqana
 13238 | Lair:2   | Reached skill level 8 in Spellcasting
 13374 | Lair:2   | Found a hide-covered altar of Uskayaw.
 13487 | Lair:2   | Found a hole to the Spider Nest.
 13852 | Lair:2   | Mangled by a culicivora

Illustrated notes

Levels and vault maps discovered:
D:1:      sevenhm_arrival_forest_fort_large_2, layout_loops_corners,
          shapermc_ecumenical_altar_notcrosses
D:2:      layout_rooms, basic_altar
D:3:      cheibrodos_helix_gallery, layout_loops_ring,
          chequers_temple_overflow_minitemple, mainiacjoe_overflow_catwalk
D:4:      layout_basic, pdpol_temple_overflow_zin_treasury_gozag_greed,
          mainiacjoe_overflow_cross_hatched, demons_altar, temple_fountains,
          serial_shops, nicolae_shop_hallway_plus, minmay_box_of_dots
D:5:      layout_rooms, nicolae_uskayaw_suspiria, tgw_kikubaaqudgha,
          kennysheep_mini, serial_shops, nicolae_take_the_stairs,
          serial_co_window_serial, co_window_of_opportunity_a,
          co_window_paths_a, co_window_paths_a, co_window_paths_a,
          co_window_corner_a, co_window_corner_b, co_window_corner_ca,
          co_window_of_opportunity_c, co_window_broadway_a, co_window_corner_ca,
          co_window_unsneaky_path_a, co_window_unsneaky_path_e, glass_columns_a,
          glass_columns_a, glass_columns_b, glass_columns_b
D:6:      layout_loops_ring, nicolae_tso_besieged_by_evil
D:7:      layout_layer_cave, serial_shops, kennysheep_mini_moat, shop, shop,
          uniq_joseph
D:8:      layout_cave_pods, david_lair_shrubbed
Temple:   compressed_dpeg_triangle_lava_temple
Lair:1:   layout_gridlike
Lair:2:   layout_cave_pods, nicolae_spider_entry_tight_spaces, basic_altar

Skill      XL: |  1  2  3  4  5  6  7  8  9 10 11 |
---------------+----------------------------------+-----
Conjurations   | 2 3 4 5 |  5.7
Spellcasting   | 5 6 7 8 |  8.1
Invocations    | 1 2 3 4 5 6 |  6.9
Fighting       | 1 2 3 4 5 6 |  6.3
Short Blades   | 1 2 3 4 5 6 |  6.3
Long Blades    | 1 2 3 4 5 6 |  6.3
Axes           | 1 2 3 4 5 6 |  6.3
Maces & Flails | 1 2 3 4 5 6 |  6.3
Polearms       | 1 2 3 4 5 6 |  6.3
Staves         | 1 2 3 4 5 6 |  6.3
Slings         | 1 2 3 4 5 6 |  6.3
Bows           | 1 2 3 4 5 6 |  6.3
Crossbows      | 1 2 3 4 5 6 |  6.3
Throwing       | 1 2 3 4 5 6 |  6.3
Armour         | 1 2 3 4 5 6 |  6.3
Shields        | 1 2 3 4 5 6 |  6.3
Unarmed Combat | 1 2 3 4 5 6 |  6.3
Evocations     | 1 2 3 4 5 6 |  6.3
Hexes          | 1 2 3 4 5 |  5.2
Summonings     | 1 2 3 4 5 |  5.2
Necromancy     | 1 2 3 4 5 |  5.2
Translocations | 1 2 3 4 5 |  5.2
Transmutations | 1 2 3 4 5 |  5.2
Ice Magic      | 1 2 3 4 5 |  5.2
Air Magic      | 1 2 3 4 5 |  5.2
Earth Magic    | 1 2 3 4 5 |  5.2
Poison Magic   | 1 2 3 4 5 |  5.2
Dodging        | 5 6 7 |  7.9
Stealth        | 5 6 7 |  7.6
Fire Magic     | 6 7 |  7.6

Action                   |  1- 3 |  4- 6 |  7- 9 | 10-12 || total
-------------------------+-------+-------+-------+-------++-------
Melee: Short sword       |     9 |       |       |       ||     9
       Bite              |     4 |     6 |     8 |       ||    18
       Unarmed           |     2 |       |       |       ||     2
       Staff             |    23 |    34 |    47 |     2 ||   106
       Punch             |     1 |     1 |     3 |       ||     5
       Flail             |       |       |    14 |       ||    14
 Cast: Foxfire           |   108 |   132 |   177 |   164 ||   581
       Scorch            |       |     1 |    10 |     4 ||    15
       Inner Flame       |       |     2 |    15 |    19 ||    36
       Blink             |       |     2 |     4 |     2 ||     8
Invok: Ancestor Life: Ba |       |       |     1 |       ||     1
  Use: Scroll            |       |       |       |     3 ||     3
 Stab: Sleeping          |     3 |       |       |       ||     3
       Distracted        |       |       |     1 |       ||     1
Armor: Robe              |     8 |     8 |    21 |    10 ||    47
Dodge: Dodged            |    27 |    36 |    77 |    33 ||   173
